 Dungeon Crawl Stone Soup version 0.19-a0-1823-g21c7ecd (webtiles) character file.

207 Promi the Slasher (level 6, -1/48 HPs)
             Began as a Human Berserker on Oct 7, 2016.
             Was a Follower of Trog.
             Slain by a gnoll
             ... wielding a +0 halberd
              (12 damage)
             ... on level 2 of the Dungeon.
             The game lasted 00:02:25 (1564 turns).

Promi the Slasher (Human Berserker)                 Turns: 1564, Time: 00:02:25

Health: -1/48      AC:  5    Str: 17    XL:     6   Next: 11%
Magic:  6/6        EV: 11    Int:  7    God:    Trog [*.....]
Gold:   56         SH:  0    Dex: 12    Spells: 0 memorised, 5 levels left

rFire  . . .     SeeInvis .     a - +0 falchion
rCold  . . .     Gourm    .     e - +0 ring mail
rNeg   . . .     Faith    .     (no shield)
rPois  .         Spirit   .     (no helmet)
rElec  .         Dismiss  .     (no cloak)
rCorr  .         Reflect  .     (no gloves)
MR     .....     Harm     .     (no boots)
Stlth  +.........               (no amulet)
                                (no ring)
                                j - -3 ring of strength (curse)

@: exhausted, slowed, very slow
A: no striking features
a: Berserk, Burn Spellbooks, Renounce Religion


You were on level 2 of the Dungeon.
You worshipped Trog.
Trog was aware of your devotion.
You were very hungry.

You visited 1 branch of the dungeon, and saw 2 of its levels.

You collected 56 gold pieces.

Inventory:

Hand Weapons
 a - a +0 falchion (weapon)
Armour
 e - a +0 ring mail (worn)
Jewellery
 b - an uncursed ring of magical power {unknown}
 j - a cursed -3 ring of strength (left hand)
Scrolls
 g - 2 scrolls of recharging
 i - a scroll of identify
Potions
 d - a potion of resistance {unknown}
 f - 2 potions of degeneration {unknown}
Comestibles
 c - a bread ration
 h - a meat ration


   Skills:
 + Level 4.2 Fighting
 + Level 4.7 Long Blades
 + Level 2.5 Armour
 + Level 2.8 Dodging
 - Level 0.7 Stealth


You had 5 spell levels left.
You didn't know any spells.

Dungeon Overview and Level Annotations

Branches:
Dungeon (2/15)

Altars:


Message History

You are exhausted.
You feel yourself slow down.
You are feeling very hungry.
The gnoll barely misses you.
You riposte.
You closely miss the gnoll.
You see here a halberd.
The gnoll hits you from afar with a halberd!
The worm barely misses you.
You riposte.
You hit the worm.
The worm is moderately wounded.
You hit the worm.
The worm is moderately wounded.
The gnoll hits you but does no damage. The worm bites you.
You hit the worm.
The worm is moderately wounded.
The gnoll hits you from afar with a halberd.
The worm bites you but does no damage.
The gnoll hits you from afar with a halberd!
* * * LOW HITPOINT WARNING * * *
Found a scroll of magic mapping.
The gnoll hits you from afar with a halberd!
You die...

....# .#?# ###.#
##....# # #.#
.....# # #.#
#....### # #.#
......# # #.#
####.....# # #.#
#.#####........# #
#.#
#........g...?.# #
#.#
######@##.)>..#
###.# #.####.###
.##.######### #.#
#.# ....#.......#
#.# #.#
......#####.# #.#
#.##### #####.#
#.####.# #.....#
......# #...##.#
#.###.# .####.#
#.#.##.# #.# #.#
...##.#####.#.##.#
#.# #.#


You could see a gnoll.

Vanquished Creatures
  Sigmund (D:2)
  2 gnolls (D:2)
  An ooze (D:2)
  2 dart slugs (D:1)
  A leopard gecko (D:1)
  2 giant cockroaches (D:1)
  2 goblins (D:1)
  3 hobgoblins
  2 kobolds
  5 bats (D:1)
  A frilled lizard (D:1)
  6 rats
28 creatures vanquished.

Notes
Turn   | Place    | Note
-------+----------+-------------------------------------------
     0 | D:1      | Promi the Human Berserker began the quest for the Orb.
     0 | D:1      | Reached XP level 1. HP: 18/18 MP: 1/1
   144 | D:1      | Reached XP level 2. HP: 24/24 MP: 2/2
   666 | D:1      | Reached XP level 3. HP: 19/29 MP: 3/3
  1169 | D:2      | Noticed Sigmund
  1182 | D:2      | Killed Sigmund
  1182 | D:2      | Reached XP level 4. HP: 28/37 MP: 4/4
  1182 | D:2      | Reached XP level 5. HP: 32/42 MP: 5/5
  1253 | D:2      | Reached XP level 6. HP: 38/48 MP: 6/6
  1564 | D:2      | Slain by a gnoll

Vault maps used:
D:1:      lightli_arrival_boilingwater
D:2:      uniq_sigmund

Skill      XL: |  1  2  3 |
---------------+----------+-----
Fighting       | 4 |  4.2
Long Blades    | 4 |  4.7
Armour         | |  2.5
Dodging        | |  2.8
Stealth        | |  0.7

Action                   |  1- 3 |  4- 6 || total
-------------------------+-------+-------++-------
Melee: Falchion          |    64 |    10 ||    74
Invok: Berserk           |     2 |     1 ||     3
  Use: Scroll            |     2 |       ||     2
       Potion            |     1 |       ||     1
 Stab: Sleeping          |     1 |       ||     1
  Eat: Chunk             |     2 |     2 ||     4
Armor: Animal skin       |     9 |       ||     9
       Ring mail         |       |     6 ||     6
Dodge: Dodged            |    38 |    12 ||    50
       Rpst.: Falchion   |    12 |     2 ||    14
